 Dungeon Crawl Stone Soup version 0.13.1-27-ga479965 (webtiles) character file.

5363 Chiseanne the Markscentaur (level 10, -1/79 HPs)
             Began as a Centaur Hunter on Feb 5, 2014.
             Was an Elder of Okawaru.
             Blown up by Urug (16 damage)
             ... with a wand of disintegration
             ... on Level 10 of the Dungeon.
             The game lasted 00:39:47 (9470 turns).

Chiseanne the Markscentaur (Centaur Hunter)         Turns: 9470, Time: 00:39:47

HP  -1/79        AC 12     Str 16      XL: 10   Next: 38%
MP   6/6         EV 11     Int 10      God: Okawaru [****..]
Gold 16          SH  9     Dex 12      Spells:  0 memorised,  9 levels left

Res.Fire  : . . .   See Invis. : .   w - +4,+5 bow
Res.Cold  : . . .   Warding    : .   L - +0 troll leather armour
Life Prot.: . . .   Conserve   : .   x - +1 dwarf buckler
Res.Poison: .       Res.Corr.  : .   (no helmet)
Res.Elec. : .       Clarity    : .   (no cloak)
Sust.Abil.: . .     Spirit.Shd : .   j - +1 pair of gloves
Res.Mut.  : .       Stasis     : .   (no barding)
Res.Rott. : .       Flight     : .   y - cursed amulet of rage
Saprovore : . . .                    B - ring of Phy Rog {Regen Stlth++}
                                     m - +5 ring of protection

@: very quick, somewhat resistant to hostile enchantments, fairly stealthy
A: hooves 3, deformed body, herbivore 1, speed 2, fast metabolism 1, tough skin
3
a: Heroism, Renounce Religion, Evoke Berserk Rage


You were on level 10 of the Dungeon.
You worshipped Okawaru.
Okawaru was greatly pleased with you.
You were not hungry.

You visited 2 branches of the dungeon, and saw 11 of its levels.

You collected 583 gold pieces.
You spent 587 gold pieces at shops.

Inventory:

Hand weapons
 a - a +1,+0 dwarven mace
 k - a +1,+0 falchion of slicing
 t - a +2,+1 falchion
 w - a +4,+5 bow (weapon)
 I - the +11,+5 morningstar of Griung {antimagic, *Tele SInv}
   (You found it on level 7 of the Dungeon)

   It disrupts the flow of magical energy around spellcasters and certain
   magical creatures (including the wielder).
   It enhances your eyesight.
   It causes teleportation.
Missiles
 c - 28 arrows (quivered)
 h - 28 bolts
 l - 2 needles of slowing
 z - 22 arrows of dispersal
 C - 12 arrows of flame
 H - 2 curare-tipped needles
 O - 13 arrows of frost
Armour
 j - a +1 pair of gloves (worn)
 x - a +1 dwarven buckler (worn)
 J - a +2 robe of positive energy
 L - a +0 troll leather armour (worn)
 M - a +0 orcish shield
Magical devices
 K - a wand of fire (1)
Comestibles
 f - 10 bread rations
 g - a choko
 N - a chunk of black bear flesh
Scrolls
 p - 3 scrolls of recharging
 q - 10 scrolls of teleportation
 s - 6 scrolls of remove curse
 u - a scroll of fear
 A - a scroll of curse armour {unknown}
 E - 2 scrolls of holy word
 G - a scroll of blinking
Jewellery
 m - a +5 ring of protection (left hand)
 y - a cursed amulet of rage (around neck)
 B - the ring of Phy Rog (right hand) {Regen Stlth++}
   (You found it on level 6 of the Dungeon)

   [ring of regeneration]

   It makes you much more stealthy.
Potions
 d - 4 potions of heal wounds
 e - a potion of slowing {unknown}
 i - 8 potions of curing {unknown}
 n - a potion of brilliance {unknown}
 o - 2 potions of berserk rage {unknown}
 r - a potion of mutation {unknown}
 v - 3 potions of flight {unknown}
 D - 2 potions of poison {unknown}
 F - a potion of beneficial mutation {unknown}


   Skills:
 * Level 5.0 Fighting
 * Level 15.3 Bows
 * Level 4.0 Armour
 * Level 4.6 Dodging
 - Level 0.5 Stealth
 * Level 1.9 Shields


You had 9 spell levels left.
You didn't know any spells.

Dungeon Overview and Level Annotations

Branches:
Dungeon (10/27)            Temple (1/1) D:4             Orc (0/4) D:10
   Lair: D:8-13

Altars:
Ashenzari
Cheibriados
Elyvilon
Fedhas
Kikubaaqudgha
Makhleb
Nemelex Xobeh
Okawaru
Sif Muna
Trog
Vehumet
Xom
Yredelemnul
Zin
the Shining One

Shops:
D:4 [   D:7 }   D:9 +   D:10 ?

Annotations:
D:3 Sigmund
D:10 Psyche, Urug


Innate Abilities, Weirdness & Mutations

You have hooves in place of feet.
Armour fits poorly on your strangely shaped body.
You digest meat inefficiently.
You cover ground very quickly.
You have a fast metabolism.
You have extremely tough skin (AC +3).


Message History

The weapon returns to Urug!
Urug zaps a wand.
You resist.
Firing (i - inventory. (,) - cycle):
c - 31 arrows (quivered)
Press: ? - help, Shift-Dir - straight line, f/p - Urug
Aim: Urug, wielding a glowing orcish war axe and wearing an orcish ring mail (heavily wounded)
You shoot an arrow. The arrow misses Urug.
Urug throws a javelin of returning.
The javelin of returning hits you!
The weapon returns to Urug!
Urug zaps a wand.
You resist.
Firing (i - inventory. (,) - cycle):
c - 30 arrows (quivered)
Press: ? - help, Shift-Dir - straight line, f/p - Urug
Aim: Urug, wielding a glowing orcish war axe and wearing an orcish ring mail (heavily wounded)
You shoot an arrow. The arrow misses Urug.
Urug zaps a wand.
You are blasted!
* * * LOW HITPOINT WARNING * * *
Firing (i - inventory. (,) - cycle):
c - 29 arrows (quivered)
Press: ? - help, Shift-Dir - straight line, f/p - Urug
Aim: Urug, wielding a glowing orcish war axe, wearing an orcish ring mail and carrying a wand of disintegration {zapped: 8} (heavily wounded)
You shoot an arrow. The arrow hits Urug.
Urug is heavily wounded.
Urug zaps a wand.
You are blasted!
You die...

#.>..###.###.......# ...
#####......###..(.(..# #@...
.#........................ .....
.#.###......#####..##############
.....#......# #.(..............
.....#......# #(###############
.....#......# #o#
.....#......#####.####
....)....)...<..@....#
.....#..)...########.#
.##########.# # #.# #.# #.# #)#
#.# # #......... .


You could see Urug.

Vanquished Creatures
  A spriggan (D:7)
  A two-headed ogre (D:9)
  2 trolls
  A hill giant zombie (D:10)
  2 hungry ghosts (D:10)
  Menkaure (D:6)
  2 phantoms
  5 black bears
  3 ogres
  An ice beast (D:9)
  2 centaurs
  5 orc warriors
  2 sky beasts
  Duvessa (D:5)
  A water moccasin (D:10)
  A manticore zombie (D:7)
  9 wights
  Dowan (D:6)
  A centaur zombie (D:7)
  6 crimson imps
  2 jellies
  6 hounds
  A centaur skeleton (D:7)
  4 orc priests
  5 orc wizards
  3 iguanas
  A scorpion (D:9)
  3 worker ants
  8 ogre zombies
  A hound zombie (D:9)
  A worker ant zombie (D:5)
  12 gnolls
  13 adders
  A giant mite (D:1)
  6 worms
  An adder skeleton (D:9)
  A giant eyeball (D:5)
  2 oozes (D:4)
  4 giant geckos
  36 orcs
  A ball python (D:2)
  A bat skeleton (D:8)
  4 giant cockroaches
  16 goblins
  14 hobgoblins
  10 kobolds
  6 quokkas
  20 bats
  6 giant newts
  A goblin skeleton (D:10)
  4 hobgoblin zombies
  A kobold skeleton (D:8)
  7 orc skeletons
  16 orc zombies (D:10)
  21 rats
287 creatures vanquished.

Vanquished Creatures (others)
  A human (D:9)
1 creature vanquished.

Grand Total: 288 creatures vanquished

Notes
Turn   | Place    | Note
--------------------------------------------------------------
     0 | D:1      | Chiseanne, the Centaur Hunter, began the quest for the Orb.
     0 | D:1      | Reached XP level 1. HP: 17/17 MP: 0/0
    61 | D:1      | Reached XP level 2. HP: 22/24 MP: 1/1
    75 | D:1      | Reached skill level 6 in Bows
   473 | D:1      | Reached XP level 3. HP: 29/29 MP: 2/2
  1211 | D:2      | Reached skill level 7 in Bows
  1211 | D:2      | Reached XP level 4. HP: 36/36 MP: 2/2
  1779 | D:3      | Reached XP level 5. HP: 42/42 MP: 3/3
  1795 | D:3      | Reached skill level 1 in Armour
  1873 | D:3      | Found a burning altar of Makhleb.
  1874 | D:3      | Found a deep blue altar of Sif Muna.
  1989 | D:3      | Found a bloodstained altar of Trog.
  2092 | D:3      | Noticed Sigmund
  2265 | D:4      | Found Deonk's Armour Shop.
  2274 | D:4      | Reached skill level 8 in Bows
  2297 | D:4      | Bought a +1 pair of gloves for 78 gold pieces
  2403 | D:4      | Found a staircase to the Ecumenical Temple.
  2443 | Temple   | Entered the Ecumenical Temple
  2546 | Temple   | Became a worshipper of Warmaster Okawaru
  2802 | D:4      | Reached XP level 6. HP: 49/49 MP: 4/4
  2939 | D:4      | Noticed an ogre
  2944 | D:4      | Killed an ogre
  3315 | D:5      | Entered Level 5 of the Dungeon
  3348 | D:5      | Reached skill level 9 in Bows
  3487 | D:5      | Paralysed by a giant eyeball for 3 turns
  3673 | D:5      | Reached XP level 7. HP: 56/56 MP: 4/4
  4061 | D:6      | Noticed Dowan
  4063 | D:6      | Noticed Duvessa
  4068 | D:6      | Killed Dowan
  4128 | D:5      | Killed Duvessa
  4128 | D:5      | Reached skill level 10 in Bows
  4479 | D:6      | Noticed Menkaure
  4780 | D:6      | Killed Menkaure
  5035 | D:6      | Got a scintillating iron ring
  5240 | D:7      | Found Schoad's Gadget Emporium.
  5544 | D:7      | Noticed a spriggan baker
  5561 | D:7      | Killed a spriggan baker
  5561 | D:7      | Acquired Okawaru's first power
  5561 | D:7      | Reached skill level 11 in Bows
  5561 | D:7      | Reached XP level 8. HP: 57/63 MP: 5/5
  5816 | D:7      | Got a pitted morningstar
  5817 | D:7      | Identified the ring of Phy Rog {Regen Stlth++} (You found it on level 6 of the Dungeon)
  5920 | D:7      | Reached skill level 12 in Bows
  6856 | D:8      | Reached XP level 9. HP: 33/70 MP: 6/6
  6862 | D:8      | Reached skill level 13 in Bows
  7782 | D:9      | Identified the +11,+5 morningstar of Griung {antimagic, *Tele SInv} (You found it on level 7 of the Dungeon)
  7787 | D:9      | Found a glowing silver altar of Zin.
  7977 | D:9      | Found Ytakeva's Book Shoppe.
  8037 | D:9      | Reached skill level 14 in Bows
  8103 | D:9      | Found an ancient bone altar of Kikubaaqudgha.
  8309 | D:9      | Received a gift from Okawaru
  8309 | D:9      | Reached skill level 1 in Shields
  8460 | D:10     | Entered Level 10 of the Dungeon
  8460 | D:10     | Noticed Psyche
  8500 | D:10     | Reached XP level 10. HP: 78/78 MP: 6/6
  8594 | D:10     | Found a staircase to the Orcish Mines.
  8611 | D:10     | Received a gift from Okawaru
  9051 | D:10     | Found Umpaoba's Magic Scroll Emporium.
  9051 | D:10     | Noticed Urug
  9134 | D:10     | Reached skill level 15 in Bows
  9219 | D:10     | Bought a scroll of teleportation for 33 gold pieces
  9219 | D:10     | Bought a scroll of enchant weapon II for 60 gold pieces
  9219 | D:10     | Bought a scroll of holy word for 82 gold pieces
  9219 | D:10     | Bought a scroll of teleportation for 33 gold pieces
  9219 | D:10     | Bought a scroll of remove curse for 33 gold pieces
  9219 | D:10     | Bought a scroll of holy word for 82 gold pieces
  9219 | D:10     | Bought a scroll of remove curse for 33 gold pieces
  9219 | D:10     | Bought a scroll of teleportation for 33 gold pieces
  9219 | D:10     | Bought a scroll of enchant armour for 60 gold pieces
  9219 | D:10     | Bought a scroll of recharging for 60 gold pieces
  9362 | D:10     | Reached skill level 5 in Fighting
  9452 | D:10     | Received a gift from Okawaru
  9470 | D:10     | Blown up by Urug

Action                   |  1- 3 |  4- 6 |  7- 9 | 10-12 || total
-------------------------+-------+-------+-------+-------++-------
Melee: Mace              |       |    38 |       |       ||    38
 Fire: Bow               |    76 |   123 |   372 |   156 ||   727
Throw: Dagger            |       |       |     1 |       ||     1
Evoke: Wand              |       |       |     7 |     9 ||    16
  Use: Scroll            |     6 |       |    16 |     6 ||    28
       Potion            |       |       |     1 |       ||     1
